 Dungeon Crawl Stone Soup version 0.31-a0-1278-g11c5b68f87 (webtiles) character file.

Game seed: 11452421972397878855

5 avis the Scratcher (level 1, 0/10 HPs)
             Began as a Felid Shapeshifter on Dec 17, 2023.
             Slain by a goblin
             ... wielding a +0 club
              (3 damage)
             ... on level 1 of the Dungeon.
             The game lasted 00:01:41 (290 turns).

avis the Scratcher (Felid Shapeshifter)              Turns: 290, Time: 00:01:41

Health: 0/10       AC:  1    Str: 10    XL:     1   Next: 66%
Magic:  2/2        EV: 17    Int: 13    God:
Gold:   51         SH:  0    Dex: 15    Spells: 0/0 levels left
                                        Lives:  0   Deaths: 1

rFire   . .          .
                       - Unarmed
rCold   . . .        (shield unavailable)
rNeg    . . .        (body armour unavailable)
rPois   .            (helmet unavailable)
rElec   .            (cloak unavailable)
rCorr   .            (gloves unavailable)
SInv    +            (boots unavailable)
Will    .....        (no amulet)
Stlth   +            (no ring)
HPRegen 0.21/turn    (no ring)
MPRegen 0.08/turn

%: no passive effects
@: beast-form
A: beast (slay +1), very small, claws 1, fangs 3, see invisible, shaggy fur 1,
stealthy paws, no weapons or thrown items, no armour, multi-lived
a: Begin Untransformation


You were on level 1 of the Dungeon.
You were a hulking beast.
You visited 1 branch of the dungeon, and saw 1 of its levels.

You collected 51 gold pieces.

Inventory:

Talismans
 b - a beast talisman
 e - a flux talisman
 f - a flux talisman
Scrolls
 d - a scroll of identify {unknown}
Potions
 a - a potion of lignification


   Skills:
 - Level 1.0 Fighting
 - Level 2.6 Dodging
 - Level 3.0 Unarmed Combat
 * Level 3.0 Shapeshifting


You couldn't memorise any spells.
You didn't know any spells.
Your spell library contained the following spells:

 Spells                   Type           Power      Damage    Failure   Level
 Kiss of Death            Conj/Necr      0%         2d5       30%         1
 Confusing Touch          Hex            0%         N/A       67%         3
 Dispel Undead            Necr           0%         3d6       97%         4


Dungeon Overview and Level Annotations

Branches:
Dungeon (1/15)

Altars:


Innate Abilities, Weirdness & Mutations

You are a hulking beast.
Your limbs bulge with bestial killing power. (Slay +1)
You have sharp claws.
You have razor-sharp teeth.
You have supernaturally acute eyesight. (SInv)
You are covered in fur. (AC +1)
Your paws help you pounce on unaware monsters.
You are incapable of wielding weapons or throwing items.
You cannot wear armour.
You gain extra lives every three experience levels.


Message History

The kobold shouts!
You scratch the bat.
The bat is severely wounded.
You hear a shout!
The bat hits you but does no damage.
The kobold hits you with a +1 dagger of protection.
You closely miss the kobold. The bat hits you but does no damage.
The kobold barely misses you.
You scratch the kobold but do no damage.
The bat misses you. The kobold completely misses you.
You closely miss the kobold. The bat barely misses you.
The kobold hits you with a +1 dagger of protection.
* * * LOW HITPOINT WARNING * * *
The kobold attacks as it pursues you! The kobold barely misses you.
The bat attacks as it pursues you! The bat hits you.
* * * LOW HITPOINT WARNING * * *
The bat closely misses you. The bat hits you.
* * * LOW HITPOINT WARNING * * *
The bat hits you.
You die...
Your shape twists and changes as you die.
The kobold attacks as it pursues you!
The kobold hits you with a +1 dagger of protection.
You rejoin the land of the living...
An endoplasm comes into view.
The kobold attacks as it pursues you! The kobold closely misses you.
The endoplasm quivers.
The kobold attacks as it pursues you! The kobold hits you with a +0 dagger.
Found 9 gold pieces.
The kobold attacks as it pursues you! The kobold hits you with a +0 dagger.
The endoplasm freezes you.
You are frozen.
* * * LOW HITPOINT WARNING * * *
You claw the endoplasm!
You kill the endoplasm!
The kobold barely misses you.
Your Shapeshifting skill increases to level 3!
The goblin hits you with a +0 club.
You die...

...#......##.##..####.########
..........#####...†...........
.####.#...##.#...####.########
##.....##.......##.#
#...............##(#
#..##..##..#.#..##.#
#..##..##.K#.#.....#
#..######g.#.#..#### #..#
##Kh..#... #..# #...#.....#
#..##......#######
#..........# ..........##
##### ####....... ....
......... ... .$....... #8#
########## #.#


You could see a goblin and 2 kobolds.

Vanquished Creatures
  A ball python (D:1)
  An endoplasm (D:1)
  A goblin (D:1)
  2 rats (D:1)
5 creatures vanquished.

Notes
Turn   | Place    | Note
-------+----------+-------------------------------------------
     0 | D:1      | avis the Felid Shapeshifter began the quest for the Orb.
     0 | D:1      | Reached XP level 1. HP: 10/10 MP: 2/2
   275 | D:1      | Slain by a bat
   290 | D:1      | Slain by a goblin

Illustrated notes

Levels and vault maps discovered:
D:1:      psy_arrival_heroes, layout_basic, hangedman_decor_growths,
          nicolae_the_louvre

Skill      XL: |  1 |
---------------+----+-----
Shapeshifting  | 3 |  3.0
Fighting       | |  1.0
Dodging        | |  2.6
Unarmed Combat | |  3.0

Action                     || total
---------------------------++-------
  Melee: Unarmed           ||    14
         Bite              ||     1
 Armour: Skin              ||    14
  Dodge: Dodged            ||    11

Table legend: (Time is in decaauts)
 A = Elapsed time spent in this place.
 B = Non-inter-level travel time spent in this place.
 C = Inter-level travel time spent in this place.
 D = Time resting spent in this place.
 E = Time spent auto-exploring this place.
 F = Levels seen in this place.
 G = Mean time per level.
                   A        B        C        D        E       F      G
               +--------+--------+--------+--------+--------+-----+--------+
         Total |    289 |    284 |      5 |      0 |    214 |   1 |  289.0 |
       Dungeon |    289 |    284 |      5 |      0 |    214 |   1 |  289.0 |
               +--------+--------+--------+--------+--------+-----+--------+

Top non-repeatable levels by time:
     D:1: 289 daAuts
